 Dungeon Crawl Stone Soup version 0.26-a0-737-g4e9f4955e2 (webtiles) character file.

Game seed: 16849163625235383173

41465 robertstho the Frost Mage (level 14, 0/108 HPs)
             Began as a Gnoll Ice Elementalist on Nov 4, 2020.
             Was a High Priest of Sif Muna.
             Slain by a cane toad (5 damage)
             ... on level 6 of the Lair of Beasts.
             The game lasted 00:46:12 (23447 turns).

robertstho the Frost Mage (Gnoll Ice Elementalist) Turns: 23447, Time: 00:46:13

Health: 0/108      AC: 12    Str: 17    XL:     14   Next: 15%
Magic:  16/28      EV: 19    Int: 28    God:    Sif Muna [*****.]
Gold:   1168       SH:  0    Dex: 16    Spells: 12/33 levels left

rFire    . . .     SeeInvis .   P - staff of cold
rCold    + . .     Faith    .   (no shield)
rNeg     + . .     Spirit   .   m - +2 robe {MR+}
rPois    .         Reflect  .   S - +2 helmet
rElec    +         Harm     .   (no cloak)
rCorr    .         Rampage  .   B - +1 pair of gloves {archery}
MR       ++...                  G - +0 pair of boots
Stlth    ++++......             (no amulet)
HPRegen  0.28/turn              r - +6 ring of intelligence
MPRegen  0.21/turn              Q - ring "Atseyw Lueta" {rElec rN+ Str+6}

@: lethally poisoned (0 -> -7)
A: distributed training, fangs 1, strong nose
a: Channel Magic, Forget Spell, Divine Exegesis, Renounce Religion


You were on level 6 of the Lair of Beasts.
You worshipped Sif Muna.
Sif Muna was extremely pleased with you.
You visited 2 branches of the dungeon, and saw 19 of its levels.

You collected 1276 gold pieces.
You spent 108 gold pieces at shops.

Inventory:

Hand Weapons
 o - a +7 trident of freezing
 z - the +8 rapier "Ogrebane" {freeze, rPois Stlth+}
   (You found it on level 10 of the Dungeon)

   It has been specially enchanted to freeze those struck by it, causing extra
   injury to most foes and up to half again as much damage against particularly
   susceptible opponents.
   It can also slow down cold-blooded creatures.
   It protects you from poison.
   It makes you more stealthy.
Missiles
 n - 2 throwing nets (quivered)
 p - 150 poisoned darts
 K - 6 curare-tipped darts
Armour
 d - +0 steam dragon scales
 m - a +2 robe of magic resistance (worn)
 B - a +1 pair of gloves of archery (worn)
 G - a +0 pair of boots (worn)
 S - a +2 helmet (worn)
Magical Staves
 P - an uncursed staff of cold (weapon)
Jewellery
 r - a +6 ring of intelligence (left hand)
 L - an uncursed ring of protection from fire
 Q - the ring "Atseyw Lueta" (right hand) {rElec rN+ Str+6}
   (You found it on level 1 of the Lair of Beasts)

   [ring of strength]

   It affects your strength (+6).
   It insulates you from electricity.
   It protects you from negative energy.
 T - an uncursed ring of resist corrosion {unknown}
 U - a +6 ring of dexterity
Wands
 e - a wand of flame (18)
 y - a wand of paralysis (13)
 C - a wand of iceblast (14)
 E - a wand of enslavement (8)
 I - a wand of random effects (78)
 M - a wand of acid (12)
 N - a wand of polymorph (11)
 O - a wand of disintegration (17)
Scrolls
 a - 6 scrolls of enchant weapon
 b - 5 scrolls of teleportation
 c - 3 scrolls of enchant armour
 f - 16 scrolls of remove curse
 g - a scroll of torment {unknown}
 j - 6 scrolls of blinking
 k - 3 scrolls of fear
 q - 5 scrolls of immolation
 t - 2 scrolls of fog
 w - 9 scrolls of magic mapping
 D - a scroll of vulnerability {unknown}
 H - 2 scrolls of identify
 R - a scroll of silence
 W - a scroll of amnesia
Potions
 h - 4 potions of curing
 i - a potion of cancellation {unknown}
 l - 2 potions of haste
 s - 4 potions of might
 u - 4 potions of magic
 v - 11 potions of mutation
 x - 2 potions of resistance
 A - 2 potions of ambrosia
 F - 6 potions of lignification
 J - 3 potions of stabbing
 V - a potion of heal wounds


   Skills:
 + Level 9.0 Fighting
 + Level 9.0 Short Blades
 + Level 9.0 Long Blades
 + Level 9.0 Axes
 + Level 9.0 Maces & Flails
 + Level 9.0 Polearms
 + Level 9.0 Staves
 + Level 9.0 Slings
 + Level 9.0 Bows
 + Level 9.0 Crossbows
 + Level 9.0 Throwing
 + Level 9.0 Armour
 + Level 10.1 Dodging
 + Level 9.9 Stealth
 + Level 9.0 Shields
 + Level 9.0 Unarmed Combat
 + Level 10.2 Spellcasting
 + Level 7.5 Conjurations
 + Level 7.5 Hexes
 + Level 7.5 Summonings
 + Level 7.5 Necromancy
 + Level 7.5 Translocations
 + Level 7.5 Transmutations
 + Level 7.5 Fire Magic
 + Level 10.3 Ice Magic
 + Level 7.5 Air Magic
 + Level 7.5 Earth Magic
 + Level 7.5 Poison Magic
 + Level 9.8 Invocations
 + Level 9.0 Evocations


You had 12 spell levels left.
You knew the following spells:

 Your Spells              Type           Power        Failure   Level
a - Freeze                Ice            ####         1%          1
b - Frozen Ramparts       Ice            ######       1%          3
c - Ozocubu's Armour      Ice            #######.     1%          3
d - Hailstorm             Conj/Ice       #######.     1%          4
e - Summon Ice Beast      Ice/Summ       #######.     1%          4
f - Foxfire               Conj/Fire      ####         1%          1
g - Summon Forest         Summ/Tloc      ######....   4%          5

Your spell library contained the following spells:

 Spells                   Type           Power        Failure   Level
 Corona                   Hex            ######.      1%          1
 Magic Dart               Conj           ####         1%          1
 Blink                    Tloc           N/A          1%          2
 Call Imp                 Summ           ######..     1%          2
 Ensorcelled Hibernation  Hex/Ice        ######       1%          2
 Slow                     Hex            ######..     1%          2
 Conjure Flame            Conj/Fire      ######..     1%          3
 Gell's Gravitas          Tloc           ######....   1%          3
 Inner Flame              Hex/Fire       ######..     1%          3
 Lesser Beckoning         Tloc           ######....   1%          3
 Mephitic Cloud           Conj/Pois/Air  ######..     1%          3
 Spider Form              Tmut/Pois      ######....   1%          3
 Stone Arrow              Conj/Erth      ######       1%          3
 Cause Fear               Hex            ######....   1%          4
 Iskenderun's Mystic Bla  Conj/Tloc      ######..     1%          4
 Sticky Flame             Conj/Fire      ######..     1%          4
 Agony                    Necr           ######..     4%          5
 Fireball                 Conj/Fire      ######....   4%          5
 Summon Mana Viper        Hex/Summ       ######..     4%          5
 Shadow Creatures         Summ           N/A          28%         6
 Monstrous Menagerie      Summ           ######....   83%         7
 Summon Hydra             Summ           ######....   83%         7
 Chain Lightning          Conj/Air       ######....   100%        8


Dungeon Overview and Level Annotations

Branches:
Dungeon (13/15)            Temple (0/1) D:5            Lair (6/6) D:10
  Swamp (0/4) Lair:3       Spider (0/4) Lair:4        Slime (0/5) Lair:5
    Orc (0/2) D:10
 Vaults: D:13-14

Altars:
Cheibriados
Elyvilon
Fedhas
Kikubaaqudgha
Qazlal
Ru
Sif Muna
Vehumet
Zin
The Shining One
Jiyva

Shops:
D:11 *

Annotations:
Lair:3 exclusion: 2 oklob plants


Innate Abilities, Weirdness & Mutations

Your experience applies equally to all skills.
You have very sharp teeth.
Your uncanny sense of smell can sniff out nearby items.


Message History

The komodo dragon closely misses your ice beast.
The blink frog hits your ice beast!
Your ice beast hits the rime drake.
Your ice beast freezes the rime drake!
The rime drake resists.
The rime drake dies!
Sif Muna accepts your kill.
The blink frog closely misses your ice beast.
The water moccasin completely misses you.
The cane toad barely misses you.
You feel better.
An elephant comes into view.
The blink frog blinks!
The sea snake bites you!
* * * LOW HITPOINT WARNING * * *
The water moccasin bites you.
* * * LOW HITPOINT WARNING * * *
You are lethally poisoned!
The water moccasin poisons you! The blink frog hits your ice beast.
The komodo dragon closely misses your ice beast.
Your ice beast hits the blink frog.
Your ice beast freezes the blink frog!
The cane toad stings you.
You die...

..........
#♣....Y....#
......S..
♣#..l.... ####
...§.Y..♣#.#.###
..FFY†.†#......#
♣#.†l.Y.........
.†...F.SF.......
#...†§hS@.......
#..........."..$
##..............
♣...............
#.......##...#P.
♣.......# #### #
≈$.......
..$......
.......


You could see 2 elephants, a sea snake, a polar bear, 2 komodo dragons, a cane
toad, 3 blink frogs, 2 water moccasins and 2 friendly ice beasts.

Vanquished Creatures
  A hydra (Lair:5)
  A boulder beetle (D:12)
  A catoblepas (Lair:4)
  3 two-headed ogres
  An unseen horror (D:12)
  Pikel (D:5)
  An ugly thing (D:11)
  3 elephants
  2 black mambas
  4 cane toads
  A rime drake (Lair:2)
  3 komodo dragons
  5 trolls
  A polar bear (Lair:6)
  A nameless horror (D:5)
  A slime creature (Lair:4)
  A dream sheep (Lair:4)
  3 blink frogs
  A shadow (D:11)
  A spriggan (shapeshifter) (D:12)
  A wraith (D:12)
  A vampire (D:12)
  7 basilisks
  3 wyverns
  2 vampire mosquitoes (D:12)
  15 yaks
  An acid dragon (D:11)
  6 water moccasins
  5 ice beasts
  8 orc warriors
  3 sky beasts
  5 ogres
  4 wolves
  5 centaurs
  3 big kobolds
  9 bullfrogs
  A water moccasin zombie (D:10)
  A gnoll sergeant (D:9)
  6 scorpions
  A wyvern skeleton (D:10)
  17 killer bees
  11 wights
  3 howler monkeys (D:11)
  5 centaur skeletons
  2 hounds
  2 bullfrog skeletons
  7 orc priests
  15 orc wizards
  Ijyb (D:3)
  Jessica (D:2)
  Terence (D:2)
  9 iguanas
  13 worker ants
  2 worker ant zombies
  14 adders
  5 gnolls (D:9)
  3 shadow imps
  4 white imps
  2 ufetubi
  An ooze (D:4)
  6 worms
  3 dart slugs
  4 leopard geckos
  52 orcs
  2 ball pythons
  5 giant cockroaches
  15 goblins
  2 hobgoblins (D:3)
  18 jackals
  25 kobolds
  4 quokkas
  4 bats
  6 frilled lizards
  A giant cockroach zombie (D:4)
  A leopard gecko zombie (D:7)
  A quokka skeleton (D:8)
  9 rats
399 creatures vanquished.

Vanquished Creatures (collateral kills)
  A dire elephant (Lair:6)
  A minotaur (Lair:3)
  The ghost of Aricsoirch the Bludgeoner, a journeyman GrFi of Okawaru (Lair:4)
  The ghost of pigah the Carver, a journeyman DrWn of Okawaru (Lair:3)
  The ghost of Zapai the Nimble, a journeyman DgAr (Lair:2)
  Harold (D:9)
  10 hydras
  A two-headed ogre (D:10)
  A sea snake (Lair:6)
  A cyclops (D:11)
  9 elephants
  An ugly thing (D:12)
  8 cane toads
  A black mamba (Lair:4)
  A gargoyle (D:11)
  A kobold demonologist (D:13)
  2 komodo dragons
  2 rime drakes (Lair:6)
  3 trolls
  2 polar bears (Lair:6)
  4 blink frogs
  2 hornets
  2 slime creatures (Lair:4)
  3 dream sheep (Lair:4)
  A wraith (D:10)
  A vampire (D:11)
  3 wyverns
  2 basilisks
  Eustachio (D:6)
  10 yaks
  A steam dragon (Lair:4)
  7 water moccasins
  An orc warrior (D:11)
  A phantom (D:7)
  2 ice beasts
  2 ogres (D:7)
  2 wolves (Lair:6)
  2 centaurs
  A lemure (D:5)
  A big kobold (D:11)
  5 bullfrogs
  2 killer bees (D:11)
  9 wights
  An electric eel (Lair:3)
  A howler monkey (D:10)
  3 jellies (Lair:4)
  3 orc priests
  3 centaur skeletons
  3 orc wizards
  A worker ant (D:13)
  A hound zombie (D:5)
  A hound skeleton (D:11)
  A worker ant zombie (D:11)
  An adder (D:10)
  An adder skeleton (D:6)
  7 orcs
  A quokka (D:5)
  10 kobolds (D:11)
152 creatures vanquished.

Vanquished Creatures (others)
  An eye of draining (D:12)
  2 orcs (D:12)
  A quokka (D:12)
  2 foxfires (Lair:5)
  18 fungi
  30 plants
  5 snaplasher vines
59 creatures vanquished.

Grand Total: 610 creatures vanquished

Notes
Turn   | Place    | Note
-------+----------+-------------------------------------------
     0 | D:1      | robertstho the Gnoll Ice Elementalist began the quest for
                  | the Orb.
     0 | D:1      | Reached XP level 1. HP: 13/13 MP: 6/6
   167 | D:1      | Reached XP level 2. HP: 19/19 MP: 5/7
   657 | D:2      | Noticed Jessica
   666 | D:2      | Killed Jessica
   666 | D:2      | Reached skill level 5 in Spellcasting
   666 | D:2      | Reached skill level 1 in Invocations
   666 | D:2      | Reached XP level 3. HP: 13/25 MP: 6/9
   667 | D:2      | Found a white marble altar of Elyvilon.
   893 | D:2      | Reached skill level 1 in Fighting
   893 | D:2      | Reached skill level 1 in Short Blades
   893 | D:2      | Reached skill level 1 in Long Blades
   893 | D:2      | Reached skill level 1 in Axes
   893 | D:2      | Reached skill level 1 in Maces & Flails
   893 | D:2      | Reached skill level 1 in Polearms
   893 | D:2      | Reached skill level 1 in Staves
   893 | D:2      | Reached skill level 1 in Slings
   893 | D:2      | Reached skill level 1 in Bows
   893 | D:2      | Reached skill level 1 in Crossbows
   893 | D:2      | Reached skill level 1 in Throwing
   893 | D:2      | Reached skill level 1 in Armour
   893 | D:2      | Reached skill level 1 in Shields
   893 | D:2      | Reached skill level 1 in Unarmed Combat
   893 | D:2      | Reached skill level 1 in Evocations
  1033 | D:2      | Noticed Terence
  1039 | D:2      | Learned a level 3 spell: Frozen Ramparts
  1060 | D:2      | Killed Terence
  1060 | D:2      | Reached XP level 4. HP: 32/32 MP: 4/11
  1169 | D:2      | Reached skill level 1 in Conjurations
  1169 | D:2      | Reached skill level 1 in Hexes
  1169 | D:2      | Reached skill level 1 in Summonings
  1169 | D:2      | Reached skill level 1 in Necromancy
  1169 | D:2      | Reached skill level 1 in Translocations
  1169 | D:2      | Reached skill level 1 in Transmutations
  1169 | D:2      | Reached skill level 1 in Fire Magic
  1169 | D:2      | Reached skill level 1 in Air Magic
  1169 | D:2      | Reached skill level 1 in Earth Magic
  1169 | D:2      | Reached skill level 1 in Poison Magic
  1251 | D:2      | Found a glowing golden altar of the Shining One.
  1783 | D:3      | Reached XP level 5. HP: 37/37 MP: 8/12
  1937 | D:3      | Noticed an ogre
  1945 | D:3      | Killed an ogre
  1974 | D:3      | Reached XP level 6. HP: 44/44 MP: 13/13
  2467 | D:3      | Noticed Ijyb
  2487 | D:3      | Killed Ijyb
  2803 | D:3      | Reached skill level 5 in Dodging
  3086 | D:4      | Found a shimmering blue altar of Sif Muna.
  3096 | D:4      | Became a worshipper of Sif Muna the Loreminder
  3217 | D:4      | Found an ancient bone altar of Kikubaaqudgha.
  3290 | D:4      | Found a blossoming altar of Fedhas.
  3413 | D:4      | Reached XP level 7. HP: 50/50 MP: 11/15
  3414 | D:4      | Reached * piety under Sif Muna
  3697 | D:5      | Entered Level 5 of the Dungeon
  3866 | D:5      | HP: 1/51 [ice beast (9)]
  4206 | D:5      | Learned a level 3 spell: Ozocubu's Armour
  4211 | D:5      | Learned a level 4 spell: Hailstorm
  4216 | D:5      | Learned a level 4 spell: Summon Ice Beast
  4381 | D:5      | Noticed a nameless horror
  4388 | D:5      | Killed a nameless horror
  4389 | D:5      | Reached skill level 5 in Stealth
  4807 | D:5      | Reached XP level 8. HP: 34/57 MP: 12/16
  5065 | D:5      | Found a staircase to the Ecumenical Temple.
  5071 | D:5      | Noticed Pikel
  5093 | D:5      | Killed Pikel
  5525 | D:5      | Reached ** piety under Sif Muna
  5591 | D:5      | Reached XP level 9. HP: 65/65 MP: 14/18
  5812 | D:6      | Noticed Eustachio
  5825 | D:6      | Killed Eustachio
  6372 | D:6      | Found the +9 staff of Wucad Mu {channel}
  6885 | D:7      | Noticed a troll
  7078 | D:7      | Reached *** piety under Sif Muna
  7366 | D:7      | Killed a troll
  7451 | D:7      | Reached skill level 5 in Invocations
  7491 | D:7      | Found a shimmering blue altar of Sif Muna.
  8215 | D:8      | Reached XP level 10. HP: 70/73 MP: 16/20
  8568 | D:8      | Reached skill level 5 in Fighting
  8568 | D:8      | Reached skill level 5 in Short Blades
  8568 | D:8      | Reached skill level 5 in Long Blades
  8568 | D:8      | Reached skill level 5 in Axes
  8568 | D:8      | Reached skill level 5 in Maces & Flails
  8568 | D:8      | Reached skill level 5 in Polearms
  8568 | D:8      | Reached skill level 5 in Staves
  8568 | D:8      | Reached skill level 5 in Slings
  8568 | D:8      | Reached skill level 5 in Bows
  8568 | D:8      | Reached skill level 5 in Crossbows
  8568 | D:8      | Reached skill level 5 in Throwing
  8568 | D:8      | Reached skill level 5 in Armour
  8568 | D:8      | Reached skill level 5 in Shields
  8568 | D:8      | Reached skill level 5 in Unarmed Combat
  8568 | D:8      | Reached skill level 5 in Evocations
  8875 | D:8      | Found a snail-covered altar of Cheibriados.
  8966 | D:8      | Reached **** piety under Sif Muna
  9281 | D:9      | Noticed a two-headed ogre
  9291 | D:9      | Killed a two-headed ogre
  9665 | D:9      | Noticed Harold
  9795 | D:9      | Killed Harold
 10054 | D:9      | Found a glowing silver altar of Zin.
 10054 | D:9      | Found a radiant altar of Vehumet.
 10073 | D:9      | Noticed a two-headed ogre
 10094 | D:9      | Killed a two-headed ogre
 10660 | D:9      | Reached XP level 11. HP: 81/81 MP: 18/22
 10908 | D:10     | Entered Level 10 of the Dungeon
 10908 | D:10     | Found a staircase to the Orcish Mines.
 10911 | D:10     | Learned a level 1 spell: Foxfire
 10926 | D:10     | Found a staircase to the Lair.
 11049 | D:10     | Reached skill level 5 in Conjurations
 11049 | D:10     | Reached skill level 5 in Hexes
 11049 | D:10     | Reached skill level 5 in Summonings
 11049 | D:10     | Reached skill level 5 in Necromancy
 11049 | D:10     | Reached skill level 5 in Translocations
 11049 | D:10     | Reached skill level 5 in Transmutations
 11049 | D:10     | Reached skill level 5 in Fire Magic
 11049 | D:10     | Reached skill level 5 in Air Magic
 11049 | D:10     | Reached skill level 5 in Earth Magic
 11049 | D:10     | Reached skill level 5 in Poison Magic
 11174 | D:10     | Got a bloodstained rapier
 11174 | D:10     | Identified the +8 rapier "Ogrebane" {freeze, rPois Stlth+}
                  | (You found it on level 10 of the Dungeon)
 11241 | D:10     | Noticed a two-headed ogre
 11254 | D:10     | Killed a two-headed ogre
 12308 | D:11     | Noticed a white ugly thing
 12325 | D:11     | Reached ***** piety under Sif Muna
 12355 | D:11     | Killed a white ugly thing
 12507 | D:11     | Identified Sif Muna's Foundations of Spellweaving (Sif Muna
                  | gifted it to you on level 11 of the Dungeon)
 12507 | D:11     | Received a gift from Sif Muna
 12658 | D:11     | Noticed a two-headed ogre
 12669 | D:11     | Killed a two-headed ogre
 12705 | D:11     | Noticed a cyclops
 12738 | D:11     | Killed a cyclops
 13004 | D:11     | Found Cagarear's General Store.
 13011 | D:11     | Bought 3 scrolls of identify for 108 gold pieces
 13781 | D:12     | Noticed a cyan ugly thing
 13787 | D:12     | Killed a cyan ugly thing
 13787 | D:12     | Reached XP level 12. HP: 89/89 MP: 12/24
 15012 | D:12     | Noticed a boulder beetle
 15033 | D:12     | Killed a boulder beetle
 15118 | D:12     | Identified Sif Muna's Reference Book on Supportive Dark
                  | Magic (Sif Muna gifted it to you on level 12 of the
                  | Dungeon)
 15118 | D:12     | Received a gift from Sif Muna
 15497 | D:13     | Noticed a centaur warrior
 15678 | Lair:1   | Entered Level 1 of the Lair of Beasts
 15691 | Lair:1   | Got a smoking bone ring
 15693 | Lair:1   | Identified the ring "Atseyw Lueta" {rElec rN+ Str+6} (You
                  | found it on level 1 of the Lair of Beasts)
 15932 | Lair:1   | Noticed an eight-headed hydra
 15943 | Lair:1   | Killed an eight-headed hydra
 16970 | Lair:2   | Noticed a four-headed hydra
 16981 | Lair:2   | Killed a four-headed hydra
 17041 | Lair:2   | Found a stormy altar of Qazlal.
 17128 | Lair:2   | Noticed a four-headed hydra
 17140 | Lair:2   | Killed a four-headed hydra
 17507 | Lair:2   | Found a runed translucent gate.
 17507 | Lair:2   | Found a runed translucent gate.
 17507 | Lair:2   | Found a runed translucent gate.
 17507 | Lair:2   | Noticed Zapai's ghost (journeyman DgAr)
 18109 | Lair:2   | Killed Zapai's ghost
 18109 | Lair:2   | Reached XP level 13. HP: 98/98 MP: 8/26
 18563 | Lair:3   | Found a runed translucent gate.
 18564 | Lair:3   | Found a runed translucent gate.
 18565 | Lair:3   | Found a runed translucent gate.
 18575 | Lair:3   | Noticed a minotaur
 18580 | Lair:3   | Noticed pigah's ghost (journeyman DrWn)
 18892 | Lair:3   | Found a staircase to the Swamp.
 19841 | Lair:3   | Learned a level 5 spell: Summon Forest
 19846 | Lair:3   | Killed pigah's ghost
 19882 | Lair:3   | Killed a minotaur
 20435 | Lair:4   | Found a runed translucent gate.
 20435 | Lair:4   | Found a runed translucent gate.
 20435 | Lair:4   | Found a runed translucent gate.
 20458 | Lair:4   | Found a hole to the Spider Nest.
 20493 | Lair:4   | Identified Sif Muna's Disquisition on Enthralling Battle
                  | Magic (Sif Muna gifted it to you on level 4 of the Lair of
                  | Beasts)
 20493 | Lair:4   | Received a gift from Sif Muna
 20610 | Lair:4   | Reached skill level 10 in Ice Magic
 21856 | Lair:4   | Found a viscous altar of Jiyva.
 21856 | Lair:4   | Noticed Aricsoirch's ghost (journeyman GrFi)
 21957 | Lair:4   | Killed Aricsoirch's ghost
 21973 | Lair:4   | Reached skill level 10 in Spellcasting
 22555 | Lair:5   | Found a viscous altar of Jiyva.
 22555 | Lair:5   | Found a staircase to the Slime Pits.
 22669 | Lair:5   | Reached XP level 14. HP: 56/106 MP: 11/28
 23318 | Lair:6   | Entered Level 6 of the Lair of Beasts
 23318 | Lair:6   | Found a sacrificial altar of Ru.
 23335 | Lair:5   | Reached skill level 10 in Dodging
 23433 | Lair:6   | Noticed a dire elephant
 23442 | Lair:6   | Killed a dire elephant
 23447 | Lair:6   | HP: 5/108 [water moccasin (2)]
 23447 | Lair:6   | Slain by a cane toad

Illustrated notes

Levels and vault maps discovered:
D:1:      dpeg_arrival_round_b, layout_basic, minmay_pentomino_w2
D:2:      layout_basic, old_standard_altar, nicolae_tso_swordbearing_angel,
          uniq_terence, uniq_jessica
D:3:      kennysheep_goblin_castle, layout_loops_ring
D:4:      layout_rooms, lemuel_crystal_altar, kennysheep_mini_moat,
          fedhas_altar_3
D:5:      layout_basic, minmay_temple_entry_mist, uniq_ijyb, uniq_pikel
D:6:      layout_rooms, minmay_strange_pillars, uniq_eustachio
D:7:      kennysheep_orc_sif_temple, layout_cave_pools
D:8:      layout_cave_pods, slow_altar_2
D:9:      layout_gridville, gammafunk_temple_overflow_wave,
          kennysheep_small_square, uniq_harold
D:10:     layout_roguey, david_lair_generic, orc_0_dummy, roderic_roman_lattice,
          eino_small_chamber_without_monster, chequers_jeans,
          chequers_serial_rivers_micro_d
D:11:     layout_basic, serial_shops, shop_statue
D:12:     layout_loops_ring, lemuel_old_faithful
D:13:     layout_cave_pools, david_vaults_4, uniq_urug
Lair:1:   layout_cave_pods, chequers_serial_rivers_small_b,
          infiniplex_staircase_pool_2
Lair:2:   layout_loops_ring, ebering_ghost_rock_garden, lemuel_centaur_altar
Lair:3:   layout_big_grid, swamp_mist, maelrawn_ghost_gauntlet_escape,
          minmay_lair_oklob_chamber, serial_bayou_shore_b, serial_bayou_shore_a,
          grunt_megastairs_4
Lair:4:   layout_gridlike, nicolae_spider_entry_non_spiders,
          gammafunk_ghost_ooze, beast_lair_carwin_11, serial_bayou_shore_b
Lair:5:   layout_regular_city, dpeg_slime_entry_enclosed_altar,
          grunt_megastairs_1
Lair:6:   gammafunk_lair_ancient_temple, layout_big_grid, basic_altar

Skill      XL: |  1  2  3  4  5  6  7  8  9 10 11 12 13 14 |
---------------+-------------------------------------------+-----
Spellcasting   | 5 6 7 8 9 10 | 10.2
Invocations    | 1 2 3 4 5 6 7 8 9 |  9.8
Fighting       | 1 2 3 4 5 6 7 8 9 |  9.0
Short Blades   | 1 2 3 4 5 6 7 8 9 |  9.0
Long Blades    | 1 2 3 4 5 6 7 8 9 |  9.0
Axes           | 1 2 3 4 5 6 7 8 9 |  9.0
Maces & Flails | 1 2 3 4 5 6 7 8 9 |  9.0
Polearms       | 1 2 3 4 5 6 7 8 9 |  9.0
Staves         | 1 2 3 4 5 6 7 8 9 |  9.0
Slings         | 1 2 3 4 5 6 7 8 9 |  9.0
Bows           | 1 2 3 4 5 6 7 8 9 |  9.0
Crossbows      | 1 2 3 4 5 6 7 8 9 |  9.0
Throwing       | 1 2 3 4 5 6 7 8 9 |  9.0
Armour         | 1 2 3 4 5 6 7 8 9 |  9.0
Shields        | 1 2 3 4 5 6 7 8 9 |  9.0
Unarmed Combat | 1 2 3 4 5 6 7 8 9 |  9.0
Evocations     | 1 2 3 4 5 6 7 8 9 |  9.0
Conjurations   | 1 2 3 4 5 6 7 |  7.5
Hexes          | 1 2 3 4 5 6 7 |  7.5
Summonings     | 1 2 3 4 5 6 7 |  7.5
Necromancy     | 1 2 3 4 5 6 7 |  7.5
Translocations | 1 2 3 4 5 6 7 |  7.5
Transmutations | 1 2 3 4 5 6 7 |  7.5
Fire Magic     | 1 2 3 4 5 6 7 |  7.5
Air Magic      | 1 2 3 4 5 6 7 |  7.5
Earth Magic    | 1 2 3 4 5 6 7 |  7.5
Poison Magic   | 1 2 3 4 5 6 7 |  7.5
Dodging        | 5 6 7 8 9 10 | 10.1
Stealth        | 5 6 7 8 9 |  9.9
Ice Magic      | 8 9 10 | 10.3

Action                   |  1- 3 |  4- 6 |  7- 9 | 10-12 | 13-15 || total
-------------------------+-------+-------+-------+-------+-------++-------
Melee: Unarmed           |     4 |       |       |       |       ||     4
       Short sword       |    31 |    26 |       |       |       ||    57
       Bite              |     1 |     9 |    25 |    26 |     6 ||    67
       Trident           |       |    58 |   159 |    91 |       ||   308
       Hand axe          |       |       |    69 |       |       ||    69
       Punch             |       |       |     7 |     9 |     6 ||    22
       Staff             |       |       |     4 |    32 |    77 ||   113
       Rapier            |       |       |       |   147 |       ||   147
 Cast: Freeze            |    15 |     3 |       |     1 |     1 ||    20
       Frozen Ramparts   |     2 |    29 |    29 |    75 |    39 ||   174
       Summon Ice Beast  |       |       |    50 |    97 |   101 ||   248
       Hailstorm         |       |       |       |     4 |     2 ||     6
       Summon Forest     |       |       |       |       |     8 ||     8
       Foxfire           |       |       |       |       |     1 ||     1
Invok: Channel Magic     |       |       |     3 |     2 |     3 ||     8
Evoke: Wand              |       |       |     2 |       |       ||     2
  Use: Potion            |       |       |     4 |     1 |     5 ||    10
       Scroll            |       |       |     9 |    17 |     1 ||    27
 Stab: Sleeping          |     7 |     6 |     4 |    15 |       ||    32
       Distracted        |       |     1 |     1 |       |     1 ||     3
Armor: Robe              |     6 |    19 |    72 |    64 |    47 ||   208
Dodge: Dodged            |    25 |    72 |   199 |   300 |   146 ||   742

Table legend: (Time is in decaauts)
 A = Elapsed time spent in this place.
 B = Non-inter-level travel time spent in this place.
 C = Inter-level travel time spent in this place.
 D = Time resting spent in this place.
 E = Time spent auto-exploring this place.
 F = Levels seen in this place.
 G = Mean time per level.
                   A        B        C        D        E       F      G
               +--------+--------+--------+--------+--------+-----+--------+
         Total |  23514 |  22964 |    550 |   1563 |  17146 |  19 | 1237.6 |
       Dungeon |  15733 |  15422 |    311 |   1499 |  10833 |  13 | 1210.2 |
          Lair |   7781 |   7542 |    239 |     64 |   6313 |   6 | 1296.8 |
               +--------+--------+--------+--------+--------+-----+--------+

Top non-repeatable levels by time:
     D:5: 2324 daAuts
  Lair:4: 1954 daAuts
  Lair:3: 1943 daAuts
    D:12: 1864 daAuts
     D:9: 1739 daAuts
    D:11: 1471 daAuts
    D:10: 1410 daAuts
     D:3: 1397 daAuts
  Lair:2: 1322 daAuts
  Lair:5: 1275 daAuts
  Lair:1: 1251 daAuts
     D:7: 1161 daAuts
     D:8: 1138 daAuts
     D:2: 1065 daAuts
     D:6: 893 daAuts
